 Dungeon Crawl Stone Soup version 0.19.4-8-ga85b6b9 (webtiles) character file.

7361 Jerry the Basher (level 11, -1/123 HPs)
             Began as an Ogre Hunter on Feb 12, 2017.
             Was an Elder of Okawaru.
             Slain by a komodo dragon (33 damage)
             ... on level 11 of the Dungeon.
             The game lasted 00:46:47 (15258 turns).

Jerry the Basher (Ogre Hunter)                     Turns: 15258, Time: 00:46:47

Health: -1/123     AC:  5    Str: 26    XL:     11   Next: 14%
Magic:  15/15      EV: 10    Int: 10    God:    Okawaru [****..]
Gold:   612        SH:  0    Dex: 13    Spells: 0 memorised, 10 levels left

rFire  + . .     SeeInvis .     C - +7 mace "Enwal" {venom, rElec MR+++}
rCold  + . .     Gourm    .     b - +0 robe
rNeg   . . .     Faith    .     (no shield)
rPois  .         Spirit   .     i - +2 hat
rElec  +         Reflect  .     (no cloak)
rCorr  +         Harm     .     (gloves unavailable)
MR     ++++.     Rnd*Rage +     (boots unavailable)
Stlth  ++........               n - amulet of rage
                                J - ring of resist corrosion
                                H - +3 ring of strength

@: no status effects
A: unfitting armour, thin skeletal structure 1, berserk 1, cold resistance 1,
fire resistance 1, slow regeneration 1, strong 1, tough skin 1, evolution 1
a: Heroism, Renounce Religion, Evoke Berserk Rage


You were on level 11 of the Dungeon.
You worshipped Okawaru.
Okawaru was greatly pleased with you.
You were hungry.

You visited 2 branches of the dungeon, and saw 12 of its levels.

You collected 612 gold pieces.

Inventory:

Hand Weapons
 C - the +7 mace "Enwal" (weapon) {venom, rElec MR+++}
   (You found it on level 9 of the Dungeon)

   It poisons the flesh of those it strikes.
   It insulates you from electricity.
   It affects your resistance to hostile enchantments.
 G - a +0 giant spiked club
 L - a +3 whip of flaming
Missiles
 c - 11 large rocks (quivered)
 d - 3 throwing nets
Armour
 b - a +0 robe (worn)
 i - a +2 hat (worn)
Jewellery
 n - an amulet of rage (around neck)
 y - an uncursed amulet of regeneration {unknown}
 H - a +3 ring of strength (left hand)
 J - a ring of resist corrosion (right hand)
 K - an uncursed ring of protection from magic {unknown}
Wands
 E - a wand of confusion (48/48)
 M - a wand of teleportation (3/9)
Scrolls
 a - 2 scrolls of blinking
 m - 4 scrolls of remove curse
 q - 2 scrolls of recharging
 r - 7 scrolls of teleportation
 v - a scroll of enchant weapon
 N - a scroll of fog {unknown}
 O - a scroll of vulnerability {unknown}
Potions
 e - a potion of lignification
 h - a potion of degeneration {unknown}
 j - 4 potions of agility
 l - a potion of magic
 o - a potion of brilliance
 p - 2 potions of cancellation
 u - 2 potions of berserk rage
 z - a potion of invisibility
 B - a potion of heal wounds
 D - 3 potions of curing {unknown}
 F - a potion of resistance {unknown}
 I - 2 potions of might
Books
 w - a book of Cantrips

   Spells                             Type                      Level
   a - Confusing Touch                Hexes                        1
   b - Animate Skeleton               Necromancy                   1
   c - Summon Small Mammal            Summoning                    1
   d - Apportation                    Translocation                1
 x - a book of Geomancy

   Spells                             Type                      Level
   a - Sandblast                      Earth                        1
   b - Passwall                       Transmutation/Earth          2
   c - Stone Arrow                    Conjuration/Earth            3
   d - Petrify                        Transmutation/Earth          4
   e - Lee's Rapid Deconstruction     Earth                        5
Comestibles
 f - 9 bread rations
 g - 6 beef jerkies
 s - 5 fruits
 t - 2 meat rations
 A - a slice of pizza


   Skills:
 + Level 12.1 Fighting
 * Level 14.0 Maces & Flails
 - Level 5.4 Throwing
 + Level 4.4 Armour
 - Level 1.7 Dodging
 - Level 0.6 Stealth
 + Level 5.3 Invocations


You had 10 spell levels left.
You didn't know any spells.

Dungeon Overview and Level Annotations

Branches:
Dungeon (11/15)            Temple (1/1) D:7            Lair (0/6) D:10
    Orc: D:9-12

Altars:
Ashenzari
Cheibriados
Dithmenos
Elyvilon
Fedhas
Gozag
Hepliaklqana
Kikubaaqudgha
Makhleb
Nemelex Xobeh
Okawaru
Qazlal
Ru
Sif Muna
Trog
Uskayaw
Vehumet
Xom
Yredelemnul
Zin
The Shining One


Innate Abilities, Weirdness & Mutations

You are too large for most types of armour.
You have tough skin. (AC +1)
You have a somewhat thin skeletal structure. (Dex +2, Stealth)
You tend to lose your temper in combat.
Your flesh is cold resistant. (rC+)
Your flesh is heat resistant. (rF+)
You regenerate slowly when monsters are visible.
Your muscles are strong. (Str +2)
You evolve.


Message History

The komodo dragon is moderately wounded.
The komodo dragon bites you!!
A wight comes into view. It is wielding a spear.
You feel like a meek peon again.
You hit the komodo dragon but do no damage.
The komodo dragon is almost dead.
The komodo dragon bites you!
* * * LOW HITPOINT WARNING * * *
You closely miss the komodo dragon.
The komodo dragon is almost dead.
The wight closely misses you.
You barely miss the komodo dragon.
The komodo dragon is almost dead.
The komodo dragon barely misses you.
The wight hits you from afar with a spear.
* * * LOW HITPOINT WARNING * * *
You hit the komodo dragon.
The komodo dragon looks even sicker.
The komodo dragon is almost dead.
The komodo dragon bites you!!
You die...

....... #.)).#
.......####....####### #
.......'.......'..z... ..
.....?.####....############
## .......
##...z..<........ .......
#.#####z######## .......
#.# #.# .......
##+#####.########## .......
#..@lz............. #######
#........##########
+..)..........
#........#### ###
#######'##########..
#..........##.#
#..........##.#
#..........##.#
#..........##.#


You could see a komodo dragon and a wight.

Vanquished Creatures
  Pikel (D:8)
  A cyclops (D:10)
  2 gargoyles
  Joseph (D:7)
  The ghost of Jerry the Chopper, an amateur HOGl (D:4)
  A hippogriff (D:8)
  Prince Ribbit (D:7)
  Grinder (D:3)
  A wyvern (D:10)
  2 wargs
  A water moccasin (D:9)
  3 slaves (D:8)
  2 orc warriors
  A sky beast (D:9)
  2 ice beasts
  2 phantoms (D:10)
  9 ogres
  A black bear (D:11)
  A necrophage (D:9)
  5 centaurs
  A crocodile (D:6)
  A big kobold (D:9)
  5 bullfrogs
  A gnoll sergeant (D:6)
  A wyvern zombie (D:9)
  2 scorpions
  2 wights (D:11)
  A centaur zombie (D:7)
  6 crimson imps
  6 hounds
  A jelly (D:7)
  9 orc priests
  Ijyb (D:2)
  A bullfrog skeleton (D:5)
  8 orc wizards
  A centaur skeleton (D:8)
  2 iguanas
  6 worker ants
  A hound zombie (D:8)
  3 hound skeletons
  8 gnolls
  A howler monkey skeleton (D:6)
  13 adders
  2 shadow imps
  An ooze (D:4)
  An adder skeleton (D:7)
  2 worms
  2 dart slugs
  6 leopard geckos
  54 orcs
  6 ball pythons
  7 bats
  5 giant cockroaches
  9 hobgoblins
  15 jackals
  22 kobolds
  7 quokkas
  7 frilled lizards
  4 goblins
  A leopard gecko skeleton (D:4)
  2 leopard gecko zombies
  10 rats
283 creatures vanquished.

Vanquished Creatures (others)
  A slave (D:8)
  2 hounds (D:8)
  A shadow imp (D:8)
  2 jackals (D:8)
6 creatures vanquished.

Grand Total: 289 creatures vanquished

Notes
Turn   | Place    | Note
-------+----------+-------------------------------------------
     0 | D:1      | Jerry the Ogre Hunter began the quest for the Orb.
     0 | D:1      | Reached XP level 1. HP: 22/22 MP: 1/1
   246 | D:1      | Reached skill level 1 in Maces & Flails
   246 | D:1      | Reached XP level 2. HP: 29/31 MP: 2/2
   444 | D:1      | HP: 1/32 [dart slug/slug dart (7)]
   534 | D:1      | Reached XP level 3. HP: 13/39 MP: 3/3
   558 | D:1      | Reached skill level 2 in Maces & Flails
  1438 | D:2      | Noticed Ijyb
  1449 | D:2      | Killed Ijyb
  1449 | D:2      | Reached skill level 3 in Maces & Flails
  1449 | D:2      | Reached XP level 4. HP: 29/49 MP: 4/4
  2187 | D:1      | Reached skill level 5 in Fighting
  2187 | D:1      | Reached skill level 4 in Maces & Flails
  2187 | D:1      | Reached XP level 5. HP: 33/57 MP: 5/5
  3057 | D:3      | Reached skill level 5 in Maces & Flails
  3219 | D:3      | Reached XP level 6. HP: 50/67 MP: 6/6
  3744 | D:3      | Noticed Grinder
  3770 | D:3      | Killed Grinder
  3770 | D:3      | Reached skill level 6 in Maces & Flails
  3770 | D:3      | Reached XP level 7. HP: 23/78 MP: 7/7
  4437 | D:4      | Noticed Jerry's ghost (amateur HOGl)
  4739 | D:4      | Reached skill level 7 in Maces & Flails
  5048 | D:4      | Killed Jerry's ghost
  5048 | D:4      | Reached skill level 8 in Maces & Flails
  5048 | D:4      | Reached XP level 8. HP: 50/89 MP: 8/8
  5416 | D:4      | Found a basalt altar of Yredelemnul.
  5579 | D:5      | Entered Level 5 of the Dungeon
  6035 | D:6      | Found a shimmering altar of Xom.
  6036 | D:6      | Found a stormy altar of Qazlal.
  6150 | D:6      | Found a blossoming altar of Fedhas.
  6172 | D:6      | Reached skill level 9 in Maces & Flails
  7355 | D:7      | Noticed Joseph
  7378 | D:7      | Killed Joseph
  7378 | D:7      | Reached skill level 10 in Maces & Flails
  7378 | D:7      | Reached skill level 5 in Throwing
  7378 | D:7      | Reached XP level 9. HP: 69/101 MP: 9/9
  7650 | D:7      | Found a staircase to the Ecumenical Temple.
  7660 | Temple   | Entered the Ecumenical Temple
  7667 | Temple   | Became a worshipper of Warmaster Okawaru
  7749 | D:7      | Reached skill level 10 in Fighting
  7871 | D:7      | Reached skill level 11 in Maces & Flails
  8198 | D:6      | Reached skill level 1 in Armour
  8827 | D:7      | Reached skill level 1 in Invocations
  9046 | D:8      | Reached * piety under Okawaru
  9351 | D:8      | Noticed Pikel
  9366 | D:8      | Killed Pikel
  9366 | D:8      | Reached skill level 12 in Maces & Flails
  9366 | D:8      | Reached XP level 10. HP: 57/111 MP: 10/12
  9638 | D:8      | Found a stormy altar of Qazlal.
  9964 | D:8      | Noticed Prince Ribbit
  9981 | D:7      | Reached ** piety under Okawaru
 10234 | D:7      | Killed Prince Ribbit
 10801 | D:7      | Gained mutation: Your muscles are strong. (Str +2) [potion of mutation]
 10801 | D:7      | Gained mutation: You regenerate slowly when monsters are visible. [potion of mutation]
 10801 | D:7      | Gained mutation: You have a somewhat thin skeletal structure. (Dex +2, Stealth) [potion of mutation]
 10802 | D:7      | Gained mutation: Your flesh is cold resistant. (rC+) [potion of mutation]
 10802 | D:7      | Gained mutation: You evolve. [potion of mutation]
 10802 | D:7      | Gained mutation: You tend to lose your temper in combat. [potion of mutation]
 10985 | D:8      | Found a stormy altar of Qazlal.
 11607 | D:8      | Gained mutation: Your flesh is heat resistant. (rF+) [evolution]
 11742 | D:8      | Identified a scroll of acquirement
 12088 | D:9      | Reached skill level 13 in Maces & Flails
 12604 | D:9      | Reached *** piety under Okawaru
 12613 | D:9      | Got a smoking mace
 12616 | D:9      | Identified the +7 mace "Enwal" {venom, rElec MR+++} (You found it on level 9 of the Dungeon)
 13300 | D:10     | Entered Level 10 of the Dungeon
 13700 | D:10     | Found a staircase to the Lair.
 13768 | D:10     | Noticed a cyclops
 13884 | D:10     | Killed a cyclops
 14317 | D:10     | Reached skill level 5 in Invocations
 14631 | D:10     | Noticed a gargoyle
 14678 | D:10     | Killed a gargoyle
 14678 | D:10     | Reached **** piety under Okawaru
 14678 | D:10     | Reached XP level 11. HP: 123/123 MP: 14/14
 14991 | D:11     | Reached skill level 14 in Maces & Flails
 15258 | D:11     | Slain by a komodo dragon

Skill      XL: |  1  2  3  4  5  6  7  8  9 10 11 |
---------------+----------------------------------+-----
Fighting       | 3 4 5 7 8 9 10 11 12 | 12.1
Maces & Flails | 1 3 4 5 6 8 10 12 13 14 | 14.0
Throwing       | 5 |  5.4
Armour         | 2 4 |  4.4
Invocations    | 2 5 |  5.3
Dodging        | |  1.7
Stealth        | |  0.6

Action                   |  1- 3 |  4- 6 |  7- 9 | 10-12 || total
-------------------------+-------+-------+-------+-------++-------
Melee: Club              |    72 |       |       |       ||    72
       Short sword       |    11 |       |       |       ||    11
       Whip              |    70 |   200 |   128 |   229 ||   627
       Giant club        |       |       |   234 |       ||   234
       Mace              |       |       |       |   109 ||   109
Throw: Large rock        |     6 |    16 |    25 |    10 ||    57
Invok: Heroism           |       |       |       |     2 ||     2
 Abil: Evoke Berserk Rag |       |     1 |     5 |     4 ||    10
  Use: Potion            |     1 |     1 |       |     2 ||     4
       Scroll            |       |       |       |    20 ||    20
 Stab: Sleeping          |     1 |     4 |     4 |     3 ||    12
       Distracted        |       |       |     1 |       ||     1
  Eat: Chunk             |     1 |     8 |    23 |    18 ||    50
       Pizza             |       |       |     1 |       ||     1
       Beef jerky        |       |       |       |     1 ||     1
       Royal jelly       |       |       |       |     1 ||     1
Armor: Robe              |    51 |    34 |    56 |    26 ||   167
Dodge: Dodged            |   107 |   114 |   183 |   109 ||   513
